 Dungeon Crawl Stone Soup version 0.21.1-1-g345015f (webtiles) character file.

1201 sking99 the Stinger (level 8, 0/61 HPs)
             Began as a Deep Elf Venom Mage on June 29, 2018.
             Was a Follower of Kikubaaqudgha.
             Slain by a mummy (2 damage)
             ... in an ossuary.
             The game lasted 00:33:17 (8729 turns).

sking99 the Stinger (Deep Elf Venom Mage)           Turns: 8729, Time: 00:33:17

Health: 0/61       AC: 24    Str: 10    XL:     8   Next: 21%
Magic:  17/17      EV:  2    Int: 23    God:    Kikubaaqudgha [*.....]
Gold:   343        SH:  0    Dex: 15    Spells: 6/17 levels left

rFire    . . .     SeeInvis .   d - +4 whip
rCold    . . .     Gourm    .   (no shield)
rNeg     + + +     Faith    .   (armour currently unavailable)
rPois    +         Spirit   .   (helmet currently unavailable)
rElec    .         Reflect  .   (cloak currently unavailable)
rCorr    .         Harm     .   (gloves currently unavailable)
MR       .....     NoTele   +   (boots currently unavailable)
Stlth    ++........             (no amulet)
HPRegen  0.20/turn              (no ring)
MPRegen  0.15/turn              (no ring)

@: mighty, tree-form
A: no striking features
a: Receive Corpses, Renounce Religion


You were in an ossuary.
You worshipped Kikubaaqudgha.
Kikubaaqudgha was aware of your devotion.
You were not hungry.
You were a tree.
You visited 2 branches of the dungeon, and saw 7 of its levels.
You also visited: Ossuary.

You collected 343 gold pieces.

Inventory:

Hand Weapons
 d - a +4 whip (weapon)
Armour
 a - a +0 robe (melded)
 h - a +1 helmet (melded)
 j - a scarf of cloud immunity (melded)
 u - a +0 buckler
Jewellery
 r - an uncursed amulet of faith
 x - an uncursed ring of loudness
Wands
 i - a wand of polymorph (12)
 v - a wand of digging (9)
 y - a wand of acid (4)
Scrolls
 e - a scroll of amnesia
 f - 2 scrolls of teleportation
 g - 4 scrolls of enchant armour
 l - 2 scrolls of identify
 n - 3 scrolls of immolation
 o - a scroll of brand weapon {unknown}
 z - a scroll of remove curse
Potions
 m - a potion of brilliance
 t - a potion of might
Books
 b - a Young Poisoner's Handbook

   Spells                             Type                      Level
   a - Sting                          Conjuration/Poison           1
   b - Poisonous Vapours              Poison/Air                   2
   c - Mephitic Cloud                 Conjuration/Poison/Air       3
   d - Olgreb's Toxic Radiance        Poison                       4
   e - Venom Bolt                     Conjuration/Poison           5
 k - Kikubaaqudgha's Almanac of Unholy Magic
   (Kikubaaqudgha gifted it to you on level 6 of the Dungeon)

   Spells                             Type                      Level
   a - Animate Skeleton               Necromancy                   1
   b - Pain                           Necromancy                   1
   c - Sublimation of Blood           Necromancy                   2
   d - Vampiric Draining              Necromancy                   3
Comestibles
 c - 8 rations


   Skills:
 + Level 0.3 Fighting
 + Level 2.6 Dodging
 - Level 2.4 Stealth
 - Level 4.0 Shields
 - Level 5.0 Spellcasting
 - Level 5.5 Conjurations
 * Level 1.1 Necromancy
 - Level 2.1 Air Magic
 - Level 6.4 Poison Magic


You had 6 spell levels left.
You knew the following spells:

 Your Spells              Type           Power        Failure   Level  Hunger
a - Sting                 Conj/Pois      ####         1%          1    None
b - Poisonous Vapours     Pois/Air       ####..       2%          2    None
c - Mephitic Cloud        Conj/Pois/Air  ####....     4%          3    ##.....
d - Olgreb's Toxic Radia  Pois           #####...     6%          4    ####...
e - Animate Skeleton      Necr           N/A          6%          1    None


Dungeon Overview and Level Annotations

Branches:
Dungeon (6/15)             Temple (1/1) D:5

Altars:
Ashenzari
Cheibriados
Dithmenos
Fedhas
Gozag
Hepliaklqana
Kikubaaqudgha
Makhleb
Nemelex Xobeh
Okawaru
Qazlal
Ru
Sif Muna
Trog
Uskayaw
Vehumet
Wu Jian
Xom
Yredelemnul
Zin
The Shining One

Shops:
D:5 }


Message History

You whack the mummy!
The mummy is heavily damaged.
The mummy hits you but does no damage.
You completely miss the mummy.
The mummy is heavily damaged.
The mummy hits you but does no damage.
You hit the mummy.
The mummy is heavily damaged.
You whack the mummy!
The mummy is almost destroyed.
The mummy hits you!
* * * LOW HITPOINT WARNING * * *
You whack the mummy!
You destroy the mummy!
Kikubaaqudgha accepts your kill.
You whack the mummy!
The mummy is moderately damaged.
The mummy hits you.
You die...
Kikubaaqudgha rasps: "You have failed me!
Welcome... death!"

.. #### ... .....
##..## ....
.....##....##....
.................
................
..............#
#...M.M..#
#...♣..# ##....##
#....# #....#
#....# #....#
#....# #....#
#....#


You could see 2 mummies.

Vanquished Creatures
  Duvessa (D:4)
  An orc warrior (D:6)
  2 sky beasts
  Dowan (D:4)
  A crimson imp (D:6)
  3 hounds (D:5)
  A gnoll shaman (D:4)
  An orc priest (D:6)
  A bullfrog skeleton (D:4)
  4 orc wizards
  4 worker ants
  A hound zombie (D:5)
  A hound skeleton (D:4)
  4 mummies (Ossuary)
  Robin (D:4)
  7 gnolls
  5 adders
  6 worms
  6 dart slugs
  2 leopard geckos
  17 orcs
  7 bats
  5 giant cockroaches
  2 gnoll zombies (Ossuary)
  14 goblins
  18 hobgoblins
  17 jackals
  5 kobolds
  A ball python (D:1)
  A frilled lizard (D:1)
  A hobgoblin zombie (Ossuary)
  4 kobold zombies (Ossuary)
  A leopard gecko skeleton (D:5)
  An orc zombie (Ossuary)
  11 rats
158 creatures vanquished.

Notes
Turn   | Place    | Note
-------+----------+-------------------------------------------
     0 | D:1      | sking99 the Deep Elf Venom Mage began the quest for the Orb.
     0 | D:1      | Reached XP level 1. HP: 10/10 MP: 6/6
   210 | D:1      | Reached XP level 2. HP: 15/15 MP: 5/8
   240 | D:1      | Learned a level 2 spell: Poisonous Vapours
  1107 | D:1      | Reached XP level 3. HP: 19/19 MP: 5/10
  1787 | D:2      | Found a faded altar of an unknown god.
  2102 | D:2      | Reached skill level 1 in Air Magic
  2102 | D:2      | Reached XP level 4. HP: 24/24 MP: 4/11
  2432 | D:2      | Reached skill level 4 in Poison Magic
  2685 | D:2      | Learned a level 3 spell: Mephitic Cloud
  2690 | D:2      | Learned a level 4 spell: Olgreb's Toxic Radiance
  3307 | D:3      | Found a blossoming altar of Fedhas.
  3656 | D:3      | Reached XP level 5. HP: 25/28 MP: 0/13
  3947 | D:3      | Reached skill level 1 in Shields
  4628 | D:4      | Noticed a sky beast
  4651 | D:4      | Killed a sky beast
  4651 | D:4      | Reached XP level 6. HP: 15/32 MP: 7/14
  5068 | D:4      | Noticed Dowan
  5073 | D:4      | Killed Dowan
  5073 | D:4      | Reached skill level 5 in Poison Magic
  5079 | D:4      | Noticed Duvessa
  5194 | D:4      | Killed Duvessa
  5522 | D:4      | Reached skill level 5 in Spellcasting
  5890 | D:4      | Reached XP level 7. HP: 36/36 MP: 7/16
  6502 | D:4      | Noticed Robin
  6506 | D:4      | Killed Robin
  6687 | D:5      | Entered Level 5 of the Dungeon
  6788 | D:5      | Found Xakk's Gadget Shoppe.
  7031 | D:5      | Found a staircase to the Ecumenical Temple.
  7041 | Temple   | Entered the Ecumenical Temple
  7132 | Temple   | Became a worshipper of Kikubaaqudgha
  7889 | D:5      | Reached skill level 5 in Conjurations
  8310 | D:6      | Reached skill level 6 in Poison Magic
  8310 | D:6      | Reached XP level 8. HP: 41/41 MP: 10/17
  8337 | D:6      | Reached * piety under Kikubaaqudgha
  8337 | D:6      | Identified Kikubaaqudgha's Almanac of Unholy Magic (Kikubaaqudgha gifted it to you on level 6 of the Dungeon)
  8337 | D:6      | Received a gift from Kikubaaqudgha
  8556 | D:6      | Learned a level 1 spell: Animate Skeleton
  8616 | D:6      | Found a sand-covered staircase.
  8620 | Ossuary  | Entered an ossuary
  8706 | Ossuary  | Reached skill level 1 in Necromancy
  8727 | Ossuary  | HP: 1/61 [mummy (9)]
  8729 | Ossuary  | Slain by a mummy

Skill      XL: |  1  2  3  4  5  6  7  8 |
---------------+-------------------------+-----
Conjurations   | 2 3 4 5 |  5.5
Air Magic      | 1 2 |  2.1
Poison Magic   | 4 5 6 |  6.4
Spellcasting   | 4 5 |  5.0
Shields        | 1 2 4 |  4.0
Necromancy     | 1 |  1.1
Fighting       | |  0.3
Dodging        | |  2.6
Stealth        | |  2.4

Action                   |  1- 3 |  4- 6 |  7- 9 || total
-------------------------+-------+-------+-------++-------
Melee: Whip              |     8 |    22 |   134 ||   164
 Cast: Sting             |    63 |    44 |    35 ||   142
       Poisonous Vapours |    28 |    80 |    64 ||   172
       Olgreb's Toxic Ra |       |       |     4 ||     4
       Mephitic Cloud    |       |       |     1 ||     1
  Use: Scroll            |       |    14 |     2 ||    16
       Potion            |       |     3 |     7 ||    10
 Stab: Invisible         |       |       |     6 ||     6
  Eat: Chunk             |     4 |     9 |     8 ||    21
       Ration            |       |     1 |     1 ||     2
Armor: Robe              |     3 |    13 |    26 ||    42
       Skin              |       |       |    94 ||    94
Dodge: Dodged            |    15 |    33 |    89 ||   137
